 Dungeon Crawl Stone Soup version 0.22-a0-422-g9628fc8 (webtiles) character file.

659 galech the Skirmisher (level 7, -10/60 HPs)
             Began as a Gnoll Wanderer on May 16, 2018.
             Killed by divine providence
             ... invoked by an orc priest
              (13 damage)
             ... on level 4 of the Dungeon.
             The game lasted 00:05:32 (3887 turns).

galech the Skirmisher (Gnoll Wanderer)              Turns: 3887, Time: 00:05:33

Health: -10/60     AC:  9    Str: 15    XL:     7   Next: 55%
Magic:  10/10      EV: 11    Int: 11    God:
Gold:   195        SH:  0    Dex: 22    Spells: 11/11 levels left

rFire    . . .     SeeInvis .   l - +0 spear
rCold    . . .     Gourm    .   (no shield)
rNeg     . . .     Faith    .   a - +2 scale mail
rPois    .         Spirit   .   (no helmet)
rElec    .         Reflect  .   (no cloak)
rCorr    .         Harm     .   (no gloves)
MR       .....                  (no boots)
Stlth    ++........             (no amulet)
HPRegen  0.20/turn              k - +3 ring of strength
MPRegen  0.12/turn              (no ring)

@: no status effects
A: distributed training, fangs 1, strong nose
a: no special abilities


You were on level 4 of the Dungeon.
You were not hungry.

You visited 1 branch of the dungeon, and saw 4 of its levels.

You collected 195 gold pieces.

Inventory:

Hand Weapons
 b - a +0 shortbow
 e - a +0 short sword
 l - a +0 spear (weapon)
Missiles
 c - 29 arrows
 x - 8 silver tomahawks (quivered)
Armour
 a - a +2 scale mail (worn)
 q - a +0 plate armour
Magical Staves
 r - an uncursed staff of wizardry
Jewellery
 k - a +3 ring of strength (left hand)
Wands
 p - a wand of scattershot (4)
 y - a wand of acid (7)
Scrolls
 g - a scroll of enchant armour {unknown}
 h - 4 scrolls of identify {unknown}
 i - 2 scrolls of teleportation {unknown}
 j - 2 scrolls of magic mapping {unknown}
 m - a scroll of random uselessness {unknown}
 n - a scroll of noise {unknown}
 o - a scroll of blinking {unknown}
 s - 2 scrolls of remove curse {unknown}
 u - a scroll of amnesia {unknown}
Potions
 d - a potion of curing
 t - a potion of mutation {unknown}
 v - 2 potions of might {unknown}
 w - a potion of magic {unknown}
 A - 2 potions of haste {unknown}
Comestibles
 f - 13 rations
 z - 2 chunks of flesh


   Skills:
 + Level 7.0 Fighting
 + Level 2.5 Short Blades
 + Level 2.5 Long Blades
 + Level 2.5 Axes
 + Level 2.5 Maces & Flails
 + Level 2.5 Polearms
 + Level 2.5 Staves
 + Level 2.5 Slings
 + Level 5.2 Bows
 + Level 2.5 Crossbows
 + Level 3.6 Throwing
 + Level 5.2 Armour
 + Level 2.5 Dodging
 + Level 3.5 Stealth
 + Level 2.5 Shields
 + Level 2.5 Unarmed Combat
 + Level 2.5 Spellcasting
 + Level 2.0 Conjurations
 + Level 2.0 Hexes
 + Level 2.0 Charms
 + Level 2.0 Summonings
 + Level 2.0 Necromancy
 + Level 2.0 Translocations
 + Level 2.0 Transmutations
 + Level 2.0 Fire Magic
 + Level 2.0 Ice Magic
 + Level 2.0 Air Magic
 + Level 2.0 Earth Magic
 + Level 2.0 Poison Magic
 + Level 2.8 Invocations
 + Level 3.6 Evocations


You had 11 spell levels left.
You didn't know any spells.
Your spell library was empty.

Dungeon Overview and Level Annotations

Branches:
Dungeon (4/15)
 Temple: D:4-7

Altars:
Sif Muna
The Shining One


Innate Abilities, Weirdness & Mutations

Your experience applies equally to all skills.
You have very sharp teeth.
Your uncanny sense of smell can sniff out nearby items.


Message History

The orc priest is heavily wounded.
The orc priest misses you.
You hit the orc priest but do no damage.
You bite the orc priest, but do no damage.
The orc priest is heavily wounded.
The orc priest hits you but does no damage.
You hit the orc priest.
The orc priest is almost dead.
The orc priest miscasts a cantrip.
You barely miss the orc priest.
The orc priest is almost dead.
The orc priest mumbles some strange prayers to Beogh against you.
Beogh smites you!
* * * LOW HITPOINT WARNING * * *
You hit the orc priest but do no damage.
Your bite misses the orc priest.
The orc priest is almost dead.
The orc priest mumbles some strange prayers to Beogh against you.
Beogh smites you!
You die...

###.####.###>##
.... #.###......#
.... #.#........#
oo.(. #.#.###..###
#.....
#.#.##....###
#......
##...#..##...#
.......
##......#####(#
###.......
....#####
#.###.........
..#.#
#####.))@o##......
...<# #.....#####
..>..
#..######.###.# ..
.... ....#.....#
#(####..# ###
.#..#.#####
#)#....#
........#####....#
.######.....#.##.#
## #####..(##.####
# ##..(.....#


You could see an orc priest.

Vanquished Creatures
  A phantom (D:4)
  A sky beast (D:4)
  An ogre (D:4)
  A bullfrog (D:3)
  The ghost of p0werm0de the Slasher, a weakling DEBe of Trog (D:3)
  A howler monkey (D:4)
  2 hounds (D:4)
  An orc wizard (D:4)
  An iguana (D:4)
  A worker ant (D:4)
  A howler monkey skeleton (D:4)
  2 adders
  An adder skeleton (D:4)
  2 worms (D:2)
  2 dart slugs (D:1)
  2 leopard geckos (D:4)
  7 orcs
  A giant cockroach (D:4)
  4 goblins
  8 hobgoblins
  3 jackals (D:3)
  A ball python (D:4)
  9 bats
  5 frilled lizards
  4 kobolds
  5 rats
68 creatures vanquished.

Vanquished Creatures (others)
  An orc wizard (D:4)
1 creature vanquished.

Grand Total: 69 creatures vanquished

Notes
Turn   | Place    | Note
-------+----------+-------------------------------------------
     0 | D:1      | galech the Gnoll Wanderer began the quest for the Orb.
     0 | D:1      | galech set off with: a +2 scale mail, a +0 shortbow, 18 arrows, a potion of curing, a ration
     0 | D:1      | Reached XP level 1. HP: 23/23 MP: 2/2
   205 | D:1      | Reached XP level 2. HP: 29/29 MP: 3/3
   489 | D:1      | Reached XP level 3. HP: 35/35 MP: 4/4
   868 | D:2      | Reached skill level 1 in Invocations
  1729 | D:3      | Found a glowing golden altar of the Shining One.
  1770 | D:3      | Noticed a bullfrog
  1781 | D:3      | Killed a bullfrog
  1781 | D:3      | Reached skill level 1 in Short Blades
  1781 | D:3      | Reached skill level 1 in Long Blades
  1781 | D:3      | Reached skill level 1 in Axes
  1781 | D:3      | Reached skill level 1 in Maces & Flails
  1781 | D:3      | Reached skill level 1 in Polearms
  1781 | D:3      | Reached skill level 1 in Staves
  1781 | D:3      | Reached skill level 1 in Slings
  1781 | D:3      | Reached skill level 1 in Crossbows
  1781 | D:3      | Reached skill level 1 in Dodging
  1781 | D:3      | Reached skill level 1 in Shields
  1781 | D:3      | Reached skill level 1 in Unarmed Combat
  1781 | D:3      | Reached skill level 1 in Spellcasting
  1781 | D:3      | Reached skill level 1 in Conjurations
  1781 | D:3      | Reached skill level 1 in Hexes
  1781 | D:3      | Reached skill level 1 in Charms
  1781 | D:3      | Reached skill level 1 in Summonings
  1781 | D:3      | Reached skill level 1 in Necromancy
  1781 | D:3      | Reached skill level 1 in Translocations
  1781 | D:3      | Reached skill level 1 in Transmutations
  1781 | D:3      | Reached skill level 1 in Fire Magic
  1781 | D:3      | Reached skill level 1 in Ice Magic
  1781 | D:3      | Reached skill level 1 in Air Magic
  1781 | D:3      | Reached skill level 1 in Earth Magic
  1781 | D:3      | Reached skill level 1 in Poison Magic
  1781 | D:3      | Reached XP level 4. HP: 22/41 MP: 4/6
  1781 | D:3      | Reached XP level 5. HP: 25/47 MP: 4/7
  2191 | D:3      | Noticed p0werm0de's ghost (weakling DEBe)
  2218 | D:3      | Killed p0werm0de's ghost
  2950 | D:4      | Noticed a phantom
  2993 | D:4      | Killed a phantom
  2993 | D:4      | Reached XP level 6. HP: 38/53 MP: 8/8
  3040 | D:4      | Noticed a sky beast
  3074 | D:4      | Killed a sky beast
  3074 | D:4      | Reached skill level 5 in Bows
  3074 | D:4      | Reached skill level 5 in Armour
  3089 | D:4      | Reached XP level 7. HP: 13/59 MP: 10/10
  3398 | D:4      | Found a deep blue altar of Sif Muna.
  3487 | D:4      | Reached skill level 7 in Fighting
  3886 | D:4      | HP: 3/60 [orc priest/divine providence (15)]
  3887 | D:4      | Killed from afar by an orc priest

Vault maps used:
D:1:      co_arrival_random_square_maze
D:3:      minivault_19, kennysheep_decorative_pillar, tso_metal_star
D:4:      lemuel_doored_altar, first_ration

Skill      XL: |  1  2  3  4  5  6  7 |
---------------+----------------------+-----
Invocations    | 1 2 |  2.8
Short Blades   | 1 2 |  2.5
Long Blades    | 1 2 |  2.5
Axes           | 1 2 |  2.5
Maces & Flails | 1 2 |  2.5
Polearms       | 1 2 |  2.5
Staves         | 1 2 |  2.5
Slings         | 1 2 |  2.5
Crossbows      | 1 2 |  2.5
Dodging        | 1 2 |  2.5
Shields        | 1 2 |  2.5
Unarmed Combat | 1 2 |  2.5
Spellcasting   | 1 2 |  2.5
Conjurations   | 1 2 |  2.0
Hexes          | 1 2 |  2.0
Charms         | 1 2 |  2.0
Summonings     | 1 2 |  2.0
Necromancy     | 1 2 |  2.0
Translocations | 1 2 |  2.0
Transmutations | 1 2 |  2.0
Fire Magic     | 1 2 |  2.0
Ice Magic      | 1 2 |  2.0
Air Magic      | 1 2 |  2.0
Earth Magic    | 1 2 |  2.0
Poison Magic   | 1 2 |  2.0
Throwing       | 3 |  3.6
Evocations     | 3 |  3.6
Stealth        | 3 |  3.5
Bows           | 5 |  5.2
Armour         | 5 |  5.2
Fighting       | 7 |  7.0

Action                   |  1- 3 |  4- 6 |  7- 9 || total
-------------------------+-------+-------+-------++-------
Melee: Short sword       |    23 |       |       ||    23
       Spear             |    22 |   183 |   121 ||   326
       Bite              |    10 |    29 |    24 ||    63
       Punch             |       |     4 |     2 ||     6
 Fire: Shortbow          |    79 |       |       ||    79
  Eat: Chunk             |     3 |     4 |     3 ||    10
Armor: Scale mail        |    48 |    83 |    38 ||   169
Dodge: Dodged            |    43 |   109 |    44 ||   196

Table legend:
 A = Spawn XP
 B = Non-spawn XP
 C = Spawn XP percentage of total XP
 D = Spawn monster count
 E = Non-spawn monster count
 F = Spawn count percentage of total count
 G = Total turns spent on level
                    A         B        C        D         E        F      G
               +---------+---------+-------+---------+---------+-------+---------
         Total |       0 |     942 |   0.0 |       0 |      68 |   0.0 |  3887
               +---------+---------+-------+---------+---------+-------+---------
           D:1 |       0 |      37 |   0.0 |       0 |      21 |   0.0 |   751
           D:2 |       0 |      38 |   0.0 |       0 |      12 |   0.0 |   892
           D:3 |       0 |     160 |   0.0 |       0 |      12 |   0.0 |  1166
           D:4 |       0 |     707 |   0.0 |       0 |      23 |   0.0 |  1078
               +---------+---------+-------+---------+---------+-------+---------
